 Dungeon Crawl Stone Soup version 0.28.0-53-g5a82cb258f (webtiles) character file.

Game seed: 8987362602207765572

0 GreyArmor the Sneak (level 1, -4/10 HPs)
             Began as a Felid Delver on May 22, 2022.
             Killed from afar by Maurice (14 damage)
             ... with an iceblast
             ... on level 11 of the Dungeon.
             The game lasted 00:03:56 (985 turns).

GreyArmor the Sneak (Felid Delver)                   Turns: 985, Time: 00:03:57

Health: -4/10      AC:  1    Str:  8    XL:     1   Next: 0%
Magic:  2/2        EV: 21    Int: 11    God:
Gold:   57         SH:  0    Dex: 17    Spells: 0/0 levels left
                                        Lives:  0   Deaths: 0

rFire   . . .      SeeInvis +     - Unarmed
rCold   . . .      Faith    .   (shield unavailable)
rNeg    . . .      Spirit   .   (armour unavailable)
rPois   .          Reflect  .   (helmet unavailable)
rElec   .          Harm     .   (cloak unavailable)
rCorr   .          Rampage  .   (gloves unavailable)
Will    .....                   (boots unavailable)
Stlth   +++.......              (no amulet)
HPRegen 0.03/turn               c - +4 ring of evasion
MPRegen 0.08/turn               (no ring)

@: quick
A: very small, claws 1, fangs 3, see invisible, speed 1, shaggy fur 1, stealthy
paws, no weapons or thrown items, no armour, multi-lived
a: no special abilities


You were on level 11 of the Dungeon.
You visited 1 branch of the dungeon, and saw 6 of its levels.

You collected 57 gold pieces.

Inventory:

Jewellery
 c - a +4 ring of evasion (left paw)
Wands
 e - a wand of digging (3)
 g - a wand of polymorph (10)
Scrolls
 a - a scroll of fog
 b - a scroll of magic mapping
 d - a scroll of enchant armour {unknown}
 f - a scroll of identify {unknown}
 h - a scroll of summoning {unknown}


   Skills:
 + Level 3.0 Fighting
 + Level 2.6 Dodging
 + Level 6.6 Stealth
 + Level 2.0 Unarmed Combat


You couldn't memorise any spells.
You didn't know any spells.
Your spell library was empty.

Dungeon Overview and Level Annotations

Branches:
Dungeon (9/15)
 Temple: D:4-7         Lair: D:8-11         Orc: D:9-12

Altars:

Shops:
D:9 !

Annotations:
D:6 Duvessa
D:7 Joseph, Prince Ribbit
D:11 Maurice


Innate Abilities, Weirdness & Mutations

You have sharp claws.
You have razor-sharp teeth.
You have supernaturally acute eyesight. (SInv)
You cover ground quickly. (Speed+)
You are covered in fur. (AC +1)
Your paws help you pounce on unaware monsters.
You are incapable of wielding weapons or throwing items.
You cannot wear armour.
You gain extra lives every three experience levels.


Message History

The bullfrog misses you. The bullfrog closely misses you.
You feel yourself speed up. The bullfrog completely misses you.
You open the door.
Found 12 gold pieces.
There is an open door here.
Your extra speed is starting to run out.
You now have 41 gold pieces (gained 12).
Found 25 stones.
Found a stone staircase leading down.
Found 3 scrolls labelled OVEOPS QOUSI.
Found Maogoin's Distillery.
Found 16 gold pieces.
Found 15 arrows.
You feel yourself slow down.
You see here 25 stones.
You now have 57 gold pieces (gained 16).
You see here 15 arrows.
You start resting.
HP restored.
Found a scroll labelled XURUGYFENO.
d - a scroll labelled XURUGYFENO
There are no items here.
An orc comes into view.
It is wielding a +0 hand axe. 2 orcs come into view.
There is a shaft here.
You fall into a shaft and drop 2 floors!
The shaft crumbles and collapses.
You open the door. You open the door.
There is an open door here.
Found a scroll labelled JATROA HIUR.
Maurice the Thief comes into view.
He is wielding a +0 short sword, wearing a +2 cloak of willpower and carrying a wand of iceblast (7).
Maurice shouts!
Maurice casts a spell.
Maurice blinks!
Maurice says, "Have you got some gold to spare?"
Maurice gestures wildly while chanting.
Maurice flickers and vanishes for a moment.
Maurice zaps a wand.
The mass of ice explodes!
The iceblast engulfs you!
Ouch! That really hurt!
You die...

#........?..
#..........
#.@.......
#........
#.......####+##
#.......+.....#
#.......#.....#
#.......#.....#
#......@#.....#
........#.....#
......#'#.....#
......#.......#
......####'####
...... ...
##### ####


You could see Maurice (invisible).

Vanquished Creatures (others)
  5 plants (D:9)
5 creatures vanquished.

Notes
Turn   | Place    | Note
-------+----------+-------------------------------------------
     0 | D:5      | GreyArmor the Felid Delver began the quest for the Orb.
     0 | D:5      | Reached XP level 1. HP: 10/10 MP: 2/2
    62 | D:5      | Noticed a scorpion
    69 | D:6      | Noticed a centaur
    69 | D:6      | Noticed Duvessa
    72 | D:6      | Noticed a killer bee
    72 | D:6      | Noticed a killer bee
    72 | D:6      | Noticed a killer bee
    89 | D:6      | Noticed a necrophage
   165 | D:7      | Noticed a necrophage
   356 | D:7      | Noticed Prince Ribbit
   356 | D:7      | Noticed Joseph
   409 | D:8      | Noticed a wyvern
   409 | D:8      | Noticed a gnoll sergeant
   409 | D:8      | Noticed a centaur
   420 | D:8      | Noticed an ice beast
   479 | D:8      | Noticed a bullfrog
   571 | D:9      | Noticed an orc warrior
   575 | D:9      | Noticed an orc warrior
   575 | D:9      | Noticed a bullfrog
   615 | D:9      | Noticed a gnoll shaman
   616 | D:9      | Noticed a bullfrog
   740 | D:9      | Found Maogoin's Distillery.
   968 | D:9      | You fall into a shaft and drop 2 floors!
   982 | D:11     | Noticed Maurice
   985 | D:11     | Killed from afar by Maurice

Illustrated notes

Levels and vault maps discovered:
D:5:      layout_basic, ebering_ghost_inner_flame, serial_undead,
          serial_undead_c, serial_undead_d, serial_undead_d, serial_undead_f,
          grunt_decor_arrowhead, minmay_manual_moon, uniq_eustachio
D:6:      layout_rooms, uniq_duvessa
D:7:      layout_loops_ring, minmay_temple_entry_antechambers,
          uniq_prince_ribbit1, uniq_joseph
D:8:      layout_rooms, kennysheep_small_square
D:9:      nzn_winding_woodlands_three_and_one
          [nzn_winding_woodlands_5x15_parted,
          nzn_winding_woodlands_5x15_lazy_stream,
          nzn_winding_woodlands_5x15_zeroes,
          nzn_winding_woodlands_center_diamonds], layout_basic,
          grunt_dithmenos_shadows, special_room [special_room_orc],
          nicolae_take_the_stairs, palyth_stone_intersect, uniq_pikel
D:11:     layout_irregular_city, grunt_lair_entry_orc_guard_hut, orc_0_dummy,
          hangedman_decor_push, nicolae_sextant, uniq_maurice, uniq_josephine

Action                   || total
-------------------------++-------
Melee: Unarmed           ||     1
       Bite              ||     1
  Use: Scroll            ||     1
       Potion            ||     1
Armor: Skin              ||     1
Dodge: Dodged            ||    21
